Philadelphia Flyers vs Minnesota North Stars
Created - Saturday, March 15, 2025 at 14:13
Goals
|
| Philadelphia Flyers |
0 |
0 |
1 |
1 |
| Minnesota North Stars |
1 |
1 |
3 |
5 |
|
Shots
|
| Philadelphia Flyers |
7 |
4 |
12 |
23 |
| Minnesota North Stars |
16 |
14 |
13 |
43 |
|
1st period
1. Minnesota North Stars , William Karlsson 6 (Valeri Nichushkin 19) at 12:34
Penalties :
Marcus Johansson (PHI) for Roughing (Minor) at 0:43
2nd period
2. Minnesota North Stars , Evgeni Malkin 11 (Jack Hughes 29) at 3:20
Penalties :
Brett Murray (PHI) for Interference (Minor) at 11:38, Brett Murray (PHI) for High sticking (Minor) at 18:49
3rd period
3. Minnesota North Stars , Ryan Nugent-Hopkins 13 (Jack Hughes 30, Jonathan Marchessault 14) at 0:54 (PP)
4. Philadelphia Flyers , Fredrik Olofsson 4 (Chase De Leo 1, Brett Murray 3) at 2:11
5. Minnesota North Stars , Frank Vatrano 11 (William Karlsson 20, Gustav Forsling 9) at 5:06
6. Minnesota North Stars , Valeri Nichushkin 24 (Frank Vatrano 20, Rasmus Dahlin 12) at 11:17
Penalties :
Joshua Brown (PHI) for Tripping (Minor) at 0:42, Frank Vatrano (MNS) for Roughing (Minor) at 2:47
Goalie Stats
Connor Ingram (PHI), 38 saves from 43 shots - (0.884), L, 7-13-4, 60:00 minutes
Logan Thompson (MNS), 22 saves from 23 shots - (0.957), W, 12-6-5, 60:00 minutes
Players Stats for Philadelphia Flyers
Player Name G A P +/- PIM S H SB GA TA FO MP PP MP PK MP
------------------------------------------------------------------------------------
Brandon Duhaime 0 0 0 -1 0 2 1 0 0 2 0/0 12:31 0:00 0:00
Brett Murray 0 1 1 0 4 3 1 0 0 0 0/1 13:52 0:00 0:06
Casey Cizikas 0 0 0 0 0 3 2 0 1 0 10/16 16:00 1:05 2:31
Chase De Leo 0 1 1 0 0 3 0 0 1 1 3/6 13:45 0:00 0:00
Cody Glass 0 0 0 0 0 2 1 0 0 0 0/0 13:38 1:05 0:00
Fredrik Olofsson 1 0 1 0 0 1 0 0 1 0 0/0 13:45 0:00 0:00
Jack McBain 0 0 0 -2 0 0 1 0 0 0 8/15 17:09 0:54 3:11
Jeff Skinner 0 0 0 0 0 3 1 0 1 0 0/0 13:28 0:54 0:00
Joel Edmundson 0 0 0 -3 0 0 2 2 0 2 0/0 18:28 0:00 0:00
Joshua Brown 0 0 0 1 2 0 0 0 0 1 0/0 18:09 0:00 3:12
Juuso Parssinen 0 0 0 -2 0 1 0 1 1 0 0/1 14:22 0:54 0:10
Luke Glendening 0 0 0 -1 0 1 0 0 0 1 0/1 15:42 0:00 3:11
Marcus Johansson 0 0 0 -2 2 3 0 1 0 1 0/1 14:19 1:05 0:10
Radek Faksa 0 0 0 -1 0 0 0 0 1 0 6/15 15:17 0:00 2:41
Trevor van Riemsdyk 0 0 0 0 0 0 0 0 0 1 0/0 22:41 1:20 3:13
Vladislav Gavrikov 0 0 0 -1 0 1 0 2 1 0 0/0 22:02 0:39 2:50
William Borgen 0 0 0 -4 0 0 2 1 1 0 0/0 21:14 0:39 2:08
Zac Jones 0 0 0 1 0 0 2 0 0 0 0/0 17:25 1:20 0:42
Players Stats for Minnesota North Stars
Player Name G A P +/- PIM S H SB GA TA FO MP PP MP PK MP
------------------------------------------------------------------------------------
Alexander Kerfoot 0 0 0 -1 0 0 0 0 0 0 0/1 15:06 0:00 1:09
Brock Nelson 0 0 0 -1 0 3 1 0 1 0 2/5 13:51 0:03 0:00
Dylan DeMelo 0 0 0 0 0 2 5 3 0 0 0/0 18:09 0:00 0:54
Erik Cernak 0 0 0 0 0 0 1 0 0 2 0/0 17:19 0:18 0:54
Evan Rodrigues 0 0 0 0 0 0 0 0 2 0 1/3 8:46 0:00 0:00
Evgeni Malkin 1 0 1 1 0 2 2 0 1 0 14/21 17:58 3:09 0:00
Frank Vatrano 1 1 2 3 2 3 3 1 0 1 0/0 17:32 3:09 0:00
Gustav Forsling 0 1 1 1 0 0 2 0 0 2 0/0 20:01 2:29 1:05
Ivan Barbashev 0 0 0 0 0 0 3 0 0 0 0/0 8:51 0:00 0:00
Jack Hughes 0 2 2 1 0 7 1 0 1 1 0/2 17:48 2:54 0:00
Jonas Brodin 0 0 0 1 0 1 1 3 0 0 0/0 20:52 3:04 1:05
Jonathan Marchessault 0 1 1 1 0 2 2 0 0 0 2/3 17:51 2:51 0:00
Lawson Crouse 0 0 0 1 0 3 1 0 0 0 0/0 10:04 0:00 0:50
Neal Pionk 0 0 0 2 0 5 2 1 0 1 0/0 21:29 2:59 0:00
Rasmus Dahlin 0 1 1 2 0 4 2 1 0 1 0/0 22:10 3:16 0:00
Ryan Nugent-Hopkins 1 0 1 -1 0 3 4 0 2 0 0/3 17:35 2:54 1:09
Valeri Nichushkin 1 1 2 2 0 2 2 1 2 0 0/2 17:13 3:09 0:00
William Karlsson 1 1 2 3 0 6 0 2 0 0 10/16 15:25 0:00 0:50
3 Stars
1 - William Karlsson (MNS)
2 - Valeri Nichushkin (MNS)
3 - Frank Vatrano (MNS)
Power Play
Philadelphia Flyers - 0 on 1 Attempt(s) - 0.00%
Minnesota North Stars - 1 on 4 Attempt(s) - 25.00%
Penalty Kill
Philadelphia Flyers - 3 on 4 Attempt(s) - 75.00%
- Score 0 goal in Penalty Kill
Minnesota North Stars - 1 on 1 Attempt(s) - 100.00%
- Score 0 goal in Penalty Kill
Team Stat
Philadelphia Flyers - Hits : 13 - Faceoff Wins : 27 - Blocked Shots : 7 - Penalty Minutes : 8
Minnesota North Stars - Hits : 32 - Faceoff Wins : 29 - Blocked Shots : 12 - Penalty Minutes : 2
Official
Referees : Carter Sandlak and Corey Syvret
Linesman : Julien Fournier and Justin Johnson
Game Notes
3:09 of 3rd period - Philadelphia Flyers goal is going for a video replay. After video review, No Goal. The puck has been directed, batted or thrown into the net by an attacking player other than with a stick.
Finance
Level 1 -- Attendance: 5039 (83.98%) -- Ticket Income $503,900
Level 2 -- Attendance: 3757 (75.14%) -- Ticket Income $225,420
Level 3 -- Attendance: 2438 (81.27%) -- Ticket Income $85,330
Level 4 -- Attendance: 3967 (79.34%) -- Ticket Income $99,175
Luxury Box -- Attendance: 704 (70.40%) -- Ticket Income $140,800
Game was played at the Met Center.
Total Attendance: 15905 (79.53%)
Total Ticket Income: $1,054,625
Other Income: $369,119
Total Income: $1,423,744
Philadelphia Flyers
5 vs 5 Forward
Center Left Wing Right Wing Time % Phy DF OF
1 Casey Cizikas Jeff Skinner Cody Glass 25 0 1 4
2 Jack McBain Juuso Parssinen Marcus Johansson 25 0 2 3
3 Radek Faksa Luke Glendening Brandon Duhaime 25 0 1 4
4 Chase De Leo Brett Murray Fredrik Olofsson 25 0 2 3
5 vs 5 Defense
Defense Defense Time % Phy DF OF
1 Vladislav Gavrikov Trevor van Riemsdyk 35 0 2 3
2 William Borgen Joel Edmundson 35 0 2 3
3 Zac Jones Joshua Brown 30 0 2 3
4 Vladislav Gavrikov William Borgen 0 1 2 2
PowerPlay Forward
Center Left Wing Right Wing Time % Phy DF OF
1 Jack McBain Jeff Skinner Juuso Parssinen 50 0 0 5
2 Casey Cizikas Cody Glass Marcus Johansson 50 0 0 5
PowerPlay Defense
Defense Defense Time % Phy DF OF
1 William Borgen Vladislav Gavrikov 50 0 1 4
2 Zac Jones Trevor van Riemsdyk 50 0 1 4
Penalty Kill 4 Players Forward
Center Wing Time % Phy DF OF
1 Casey Cizikas Radek Faksa 50 0 5 0
2 Jack McBain Luke Glendening 50 0 5 0
Penalty Kill 4 Players Defense
Defense Defense Time % Phy DF OF
1 Vladislav Gavrikov William Borgen 50 0 5 0
2 Trevor van Riemsdyk Joshua Brown 50 0 5 0
Penalty Kill - 3 Players Forward
Forward Time % Phy DF OF
1 Casey Cizikas 50 0 5 0
2 Radek Faksa 50 0 5 0
Penalty Kill - 3 Players Defense
Defense Defense Time % Phy DF OF
1 Vladislav Gavrikov William Borgen 50 0 5 0
2 Trevor van Riemsdyk Joshua Brown 50 0 5 0
4 vs 4 Forward
Center Wing Time % Phy DF OF
1 Jeff Skinner Casey Cizikas 50 0 1 4
2 Jack McBain Juuso Parssinen 50 0 1 4
4 vs 4 Defense
Defense Defense Time % Phy DF OF
1 Vladislav Gavrikov William Borgen 50 0 2 3
2 Trevor van Riemsdyk Joel Edmundson 50 0 2 3
Last Minutes Offensive
Center Left Wing Right Wing Defense Defense
Casey Cizikas Jeff Skinner Jack McBain Vladislav Gavrikov William Borgen
Last Minutes Defensive
Center Left Wing Right Wing Defense Defense
Casey Cizikas Radek Faksa Jack McBain Vladislav Gavrikov William Borgen
Goaltenders
Starting : Connor Ingram
Backup : Jake Allen
Extra Forwards
Normal : Jack McBain, Jeff Skinner, Cody Glass - PP : Jack McBain, Jeff Skinner - PK : Jack McBain
Extra Defensemen
Normal : Vladislav Gavrikov, William Borgen, Trevor van Riemsdyk - PP : Vladislav Gavrikov - PK : Vladislav Gavrikov, William Borgen
Penalty Shots
Casey Cizikas, Cody Glass, Jeff Skinner, Juuso Parssinen, Jack McBain
Scratches
Sean Kuraly (Healthy), Charles Hudon (Healthy), Jacob MacDonald (Healthy)
Minnesota North Stars
5 vs 5 Forward
Center Left Wing Right Wing Time % Phy DF OF
1 William Karlsson Valeri Nichushkin Frank Vatrano 29 0 2 3
2 Evgeni Malkin Jack Hughes Jonathan Marchessault 28 0 2 3
3 Brock Nelson Ryan Nugent-Hopkins Alexander Kerfoot 28 0 2 3
4 Evan Rodrigues Lawson Crouse Ivan Barbashev 15 0 2 3
5 vs 5 Defense
Defense Defense Time % Phy DF OF
1 Rasmus Dahlin Neal Pionk 34 0 3 2
2 Gustav Forsling Erik Cernak 33 0 3 2
3 Jonas Brodin Dylan DeMelo 33 0 3 2
4 Rasmus Dahlin Neal Pionk 0 1 2 2
PowerPlay Forward
Center Left Wing Right Wing Time % Phy DF OF
1 Evgeni Malkin Valeri Nichushkin Frank Vatrano 50 0 0 5
2 Ryan Nugent-Hopkins Jack Hughes Jonathan Marchessault 50 0 0 5
PowerPlay Defense
Defense Defense Time % Phy DF OF
1 Rasmus Dahlin Neal Pionk 50 0 2 3
2 Gustav Forsling Jonas Brodin 50 0 2 3
Penalty Kill 4 Players Forward
Center Wing Time % Phy DF OF
1 William Karlsson Lawson Crouse 50 0 5 0
2 Alexander Kerfoot Ryan Nugent-Hopkins 50 0 5 0
Penalty Kill 4 Players Defense
Defense Defense Time % Phy DF OF
1 Erik Cernak Dylan DeMelo 50 0 5 0
2 Jonas Brodin Gustav Forsling 50 0 5 0
Penalty Kill - 3 Players Forward
Forward Time % Phy DF OF
1 William Karlsson 50 0 5 0
2 Alexander Kerfoot 50 0 5 0
Penalty Kill - 3 Players Defense
Defense Defense Time % Phy DF OF
1 Dylan DeMelo Neal Pionk 50 0 5 0
2 Jonas Brodin Erik Cernak 50 0 5 0
4 vs 4 Forward
Center Wing Time % Phy DF OF
1 William Karlsson Valeri Nichushkin 50 0 2 3
2 Evgeni Malkin Jack Hughes 50 0 2 3
4 vs 4 Defense
Defense Defense Time % Phy DF OF
1 Rasmus Dahlin Neal Pionk 50 1 2 2
2 Gustav Forsling Erik Cernak 50 0 3 2
Last Minutes Offensive
Center Left Wing Right Wing Defense Defense
William Karlsson Valeri Nichushkin Frank Vatrano Rasmus Dahlin Neal Pionk
Last Minutes Defensive
Center Left Wing Right Wing Defense Defense
William Karlsson Lawson Crouse Frank Vatrano Erik Cernak Gustav Forsling
Goaltenders
Starting : Logan Thompson
Backup : Charlie Lindgren
Extra Forwards
Normal : Brock Nelson, Ryan Nugent-Hopkins, Alexander Kerfoot - PP : Brock Nelson, Ryan Nugent-Hopkins - PK : Alexander Kerfoot
Extra Defensemen
Normal : Jonas Brodin, Dylan DeMelo, Gustav Forsling - PP : Jonas Brodin - PK : Dylan DeMelo, Gustav Forsling
Penalty Shots
Valeri Nichushkin, William Karlsson, Evgeni Malkin, Jack Hughes, Brock Nelson
Scratches
Michael Rasmussen (Healthy), Cam York (Healthy), Matt Roy (Healthy)
% Time on Ice - Philadelphia Flyers
Lines # - Real PCT - Wanted PCT - Time Play
Normal Forward
1 - 24% - 25% - 12:39
2 - 25% - 25% - 13:03
3 - 24% - 25% - 12:31
4 - 26% - 25% - 13:45
Normal Defense
1 - 36% - 35% - 18:33
2 - 36% - 35% - 18:28
3 - 29% - 30% - 14:57
4 - 0% - 0% - 0:00
PP Forward
1 - 45% - 50% - 0:54
2 - 55% - 50% - 1:05
PP Defense
1 - 33% - 50% - 0:39
2 - 67% - 50% - 1:20
PK Forward
1 - 44% - 50% - 2:37
2 - 56% - 50% - 3:20
PK Defense
1 - 46% - 50% - 2:44
2 - 54% - 50% - 3:13
PK3 Forward
1 - 17% - 50% - 0:01
2 - 83% - 50% - 0:05
PK3 Defense
1 - 100% - 50% - 0:06
2 - 0% - 50% - 0:00
44 Forward
1 - 0% - 50%
2 - 0% - 50%
44 Defense
1 - 0% - 50%
2 - 0% - 50%
Last Minute Offensive - 0:00
Last Minute Defensive - 0:00
Total
Forward - 60:00
Defense - 60:00
|
% Time on Ice - Minnesota North Stars
Lines # - Real PCT - Wanted PCT - Time Play
Normal Forward
1 - 28% - 29% - 14:38
2 - 28% - 28% - 14:46
3 - 27% - 28% - 13:48
4 - 17% - 15% - 8:46
Normal Defense
1 - 35% - 34% - 18:16
2 - 32% - 33% - 16:27
3 - 33% - 33% - 17:15
4 - 0% - 0% - 0:00
PP Forward
1 - 52% - 50% - 3:09
2 - 48% - 50% - 2:54
PP Defense
1 - 49% - 50% - 2:59
2 - 51% - 50% - 3:04
PK Forward
1 - 42% - 50% - 0:50
2 - 58% - 50% - 1:09
PK Defense
1 - 45% - 50% - 0:54
2 - 55% - 50% - 1:05
PK3 Forward
1 - 0% - 50%
2 - 0% - 50%
PK3 Defense
1 - 0% - 50%
2 - 0% - 50%
44 Forward
1 - 0% - 50%
2 - 0% - 50%
44 Defense
1 - 0% - 50%
2 - 0% - 50%
Last Minute Offensive - 0:00
Last Minute Defensive - 0:00
Total
Forward - 60:00
Defense - 60:00
|
Play-by-Play
1st period
0:01 of 1st period - William Karlsson wins face-off versus Casey Cizikas in neutral zone.
0:14 of 1st period - Wrist shot by Casey Cizikas.
0:14 of 1st period - Shot Misses the Net.
0:26 of 1st period - Trevor van Riemsdyk is hit by Evgeni Malkin and loses puck.
0:37 of 1st period - Snap shot by Jonathan Marchessault.
0:37 of 1st period - Stopped by Connor Ingram with a rebound.
0:43 of 1st period - Minor Penalty to Marcus Johansson for Roughing.
0:44 of 1st period - Casey Cizikas wins face-off versus Valeri Nichushkin in Philadelphia Flyers zone.
2:43 of 1st period - Penalty to Marcus Johansson is over, Marcus Johansson is back on ice.
3:07 of 1st period - Icing by Dylan DeMelo.
3:08 of 1st period - Jack McBain wins face-off versus Evan Rodrigues in Minnesota North Stars zone.
3:17 of 1st period - Wrist shot by Lawson Crouse.
3:17 of 1st period - Shot Misses the Net.
3:29 of 1st period - Slapshot by Rasmus Dahlin.
3:29 of 1st period - Deflect By Ryan Nugent-Hopkins.
3:29 of 1st period - Shot Misses the Net.
3:29 of 1st period - Puck is out of play.
3:30 of 1st period - Casey Cizikas wins face-off versus Brock Nelson in Philadelphia Flyers zone.
3:37 of 1st period - Backhand shot by Jeff Skinner.
3:37 of 1st period - Stopped by Logan Thompson without a rebound.
3:38 of 1st period - Radek Faksa wins face-off versus Brock Nelson in Minnesota North Stars zone.
3:53 of 1st period - Wrist shot by Brock Nelson.
3:53 of 1st period - Stopped by Connor Ingram with a rebound.
4:05 of 1st period - Joel Edmundson is hit by Gustav Forsling and loses puck.
4:12 of 1st period - Snap shot by Valeri Nichushkin.
4:12 of 1st period - Stopped by Connor Ingram with a rebound.
4:14 of 1st period - Slapshot by Rasmus Dahlin.
4:14 of 1st period - Stopped by Connor Ingram with a rebound.
4:16 of 1st period - Slapshot by Neal Pionk.
4:16 of 1st period - Shot Blocked by Joel Edmundson.
4:30 of 1st period - Fredrik Olofsson is hit by Rasmus Dahlin.
6:17 of 1st period - Ryan Nugent-Hopkins is hit by Casey Cizikas and loses puck.
6:32 of 1st period - William Karlsson is hit by Joel Edmundson and loses puck.
6:49 of 1st period - Dylan DeMelo is hit by Jack McBain and loses puck.
7:00 of 1st period - Juuso Parssinen is hit by Ivan Barbashev and loses puck.
7:40 of 1st period - Casey Cizikas is hit by Frank Vatrano and loses puck.
8:09 of 1st period - Snap shot by Brock Nelson.
8:09 of 1st period - Stopped by Connor Ingram without a rebound.
8:10 of 1st period - Evgeni Malkin wins face-off versus Casey Cizikas in Philadelphia Flyers zone.
8:13 of 1st period - Snap shot by Jack Hughes.
8:13 of 1st period - Stopped by Connor Ingram without a rebound.
8:14 of 1st period - Casey Cizikas wins face-off versus Evgeni Malkin in Philadelphia Flyers zone.
9:07 of 1st period - Snap shot by Casey Cizikas.
9:07 of 1st period - Shot Misses the Net.
9:19 of 1st period - Snap shot by Jeff Skinner.
9:19 of 1st period - Stopped by Logan Thompson without a rebound.
9:20 of 1st period - William Karlsson wins face-off versus Luke Glendening in Minnesota North Stars zone.
9:27 of 1st period - Wrist shot by William Karlsson.
9:27 of 1st period - Shot Misses the Net.
9:29 of 1st period - Wrist shot by Dylan DeMelo.
9:29 of 1st period - Stopped by Connor Ingram with a rebound.
9:31 of 1st period - Slapshot by Dylan DeMelo.
9:31 of 1st period - Stopped by Connor Ingram without a rebound.
9:32 of 1st period - Evgeni Malkin wins face-off versus Radek Faksa in Philadelphia Flyers zone.
9:35 of 1st period - Wrist shot by Jack Hughes.
9:35 of 1st period - Stopped by Connor Ingram without a rebound.
9:36 of 1st period - Evgeni Malkin wins face-off versus Radek Faksa in Philadelphia Flyers zone.
9:43 of 1st period - Jonas Brodin is hit by Brandon Duhaime and loses puck.
10:04 of 1st period - Wrist shot by Radek Faksa.
10:04 of 1st period - Shot Misses the Net.
10:44 of 1st period - Snap shot by Jeff Skinner.
10:44 of 1st period - Deflect By Casey Cizikas.
10:44 of 1st period - Stopped by Logan Thompson with a rebound.
11:08 of 1st period - Slapshot by Jonathan Marchessault.
11:08 of 1st period - Stopped by Connor Ingram with a rebound.
11:27 of 1st period - Wrist shot by Brett Murray.
11:27 of 1st period - Stopped by Logan Thompson with a rebound.
12:08 of 1st period - Snap shot by Lawson Crouse.
12:08 of 1st period - Stopped by Connor Ingram without a rebound.
12:09 of 1st period - Casey Cizikas wins face-off versus Evan Rodrigues in Philadelphia Flyers zone.
12:09 of 1st period - Casey Cizikas is hit by Lawson Crouse.
12:21 of 1st period - William Borgen is hit by Dylan DeMelo and loses puck.
12:34 of 1st period - Snap shot by William Karlsson.
12:34 of 1st period - Goal by William Karlsson - Philadelphia Flyers : 0 - Minnesota North Stars : 1.
12:35 of 1st period - Evgeni Malkin wins face-off versus Chase De Leo in neutral zone.
12:46 of 1st period - Wrist shot by Chase De Leo.
12:46 of 1st period - Shot Misses the Net.
13:25 of 1st period - Juuso Parssinen is hit by Neal Pionk.
13:48 of 1st period - Snap shot by Jeff Skinner.
13:48 of 1st period - Deflect By Casey Cizikas.
13:48 of 1st period - Stopped by Logan Thompson without a rebound.
13:49 of 1st period - Chase De Leo wins face-off versus Jack Hughes in Minnesota North Stars zone.
13:50 of 1st period - Snap shot by Brett Murray.
13:50 of 1st period - Stopped by Logan Thompson with a rebound.
14:00 of 1st period - Trevor van Riemsdyk is hit by Neal Pionk and loses puck.
14:15 of 1st period - Snap shot by Chase De Leo.
14:15 of 1st period - Stopped by Logan Thompson without a rebound.
14:16 of 1st period - Jack McBain wins face-off versus William Karlsson in Minnesota North Stars zone.
14:47 of 1st period - William Borgen is hit by Jonathan Marchessault.
15:11 of 1st period - Snap shot by Brett Murray.
15:11 of 1st period - Shot Blocked by Dylan DeMelo.
15:38 of 1st period - Snap shot by Ryan Nugent-Hopkins.
15:38 of 1st period - Stopped by Connor Ingram with a rebound.
16:06 of 1st period - Snap shot by Valeri Nichushkin.
16:06 of 1st period - Shot Misses the Net.
16:21 of 1st period - Off-side.
16:22 of 1st period - Chase De Leo wins face-off versus Jack Hughes in neutral zone.
16:53 of 1st period - Off-side.
16:54 of 1st period - William Karlsson wins face-off versus Jack McBain in neutral zone.
16:57 of 1st period - Backhand shot by Frank Vatrano.
16:57 of 1st period - Deflect By Valeri Nichushkin.
16:57 of 1st period - Shot Misses the Net.
16:57 of 1st period - Puck is out of play.
16:58 of 1st period - Radek Faksa wins face-off versus William Karlsson in Philadelphia Flyers zone.
17:13 of 1st period - Snap shot by Radek Faksa.
17:13 of 1st period - Shot Blocked by William Karlsson.
17:31 of 1st period - Snap shot by Jack Hughes.
17:31 of 1st period - Stopped by Connor Ingram with a rebound.
17:33 of 1st period - Snap shot by Evgeni Malkin.
17:33 of 1st period - Stopped by Connor Ingram with a rebound.
17:35 of 1st period - Wrist shot by Jack Hughes.
17:35 of 1st period - Stopped by Connor Ingram without a rebound.
17:36 of 1st period - William Karlsson wins face-off versus Chase De Leo in Philadelphia Flyers zone.
17:41 of 1st period - Snap shot by Valeri Nichushkin.
17:41 of 1st period - Shot Misses the Net.
18:08 of 1st period - Slapshot by Evgeni Malkin.
18:08 of 1st period - Deflect By Jack Hughes.
18:08 of 1st period - Deflect By Radek Faksa.
18:08 of 1st period - Shot Misses the Net.
18:08 of 1st period - Puck is out of play.
18:09 of 1st period - Jack McBain wins face-off versus Evgeni Malkin in Philadelphia Flyers zone.
18:36 of 1st period - Luke Glendening is hit by Brock Nelson and loses puck.
19:28 of 1st period - Cody Glass is hit by Erik Cernak.
Goals for this period are 0 for Philadelphia Flyers vs 1 for Minnesota North Stars.
Shots for this period are 7 for Philadelphia Flyers vs 16 for Minnesota North Stars.
2nd period
0:01 of 2nd period - Radek Faksa wins face-off versus Evgeni Malkin in neutral zone.
0:32 of 2nd period - Wrist shot by Fredrik Olofsson.
0:32 of 2nd period - Shot Blocked by Neal Pionk.
0:41 of 2nd period - Icing by William Karlsson.
0:42 of 2nd period - Casey Cizikas wins face-off versus Valeri Nichushkin in Minnesota North Stars zone.
0:45 of 2nd period - Wrist shot by Casey Cizikas.
0:45 of 2nd period - Stopped by Logan Thompson with a rebound.
1:06 of 2nd period - Slapshot by Frank Vatrano.
1:06 of 2nd period - Stopped by Connor Ingram with a rebound.
1:08 of 2nd period - Snap shot by William Karlsson.
1:08 of 2nd period - Shot Blocked by Joel Edmundson.
1:10 of 2nd period - Slapshot by Frank Vatrano.
1:10 of 2nd period - Shot Misses the Net.
1:12 of 2nd period - Wrist shot by William Karlsson.
1:12 of 2nd period - Stopped by Connor Ingram without a rebound.
1:13 of 2nd period - Brock Nelson wins face-off versus Jack McBain in Philadelphia Flyers zone.
1:54 of 2nd period - Snap shot by Brock Nelson.
1:54 of 2nd period - Shot Blocked by Vladislav Gavrikov.
1:56 of 2nd period - Slapshot by Jonas Brodin.
1:56 of 2nd period - Shot Misses the Net.
1:58 of 2nd period - Snap shot by Ryan Nugent-Hopkins.
1:58 of 2nd period - Shot Misses the Net.
2:00 of 2nd period - Slapshot by Jonas Brodin.
2:00 of 2nd period - Stopped by Connor Ingram with a rebound.
2:02 of 2nd period - Slapshot by Jonas Brodin.
2:02 of 2nd period - Shot Misses the Net.
2:04 of 2nd period - Slapshot by Brock Nelson.
2:04 of 2nd period - Stopped by Connor Ingram without a rebound.
2:05 of 2nd period - Jonathan Marchessault wins face-off versus Radek Faksa in Philadelphia Flyers zone.
3:10 of 2nd period - Icing by Brett Murray.
3:11 of 2nd period - Evgeni Malkin wins face-off versus Chase De Leo in Philadelphia Flyers zone.
3:20 of 2nd period - Wrist shot by Evgeni Malkin.
3:20 of 2nd period - Goal by Evgeni Malkin - Philadelphia Flyers : 0 - Minnesota North Stars : 2.
3:21 of 2nd period - Jack McBain wins face-off versus Evgeni Malkin in neutral zone.
3:24 of 2nd period - Snap shot by Jack McBain.
3:24 of 2nd period - Shot Misses the Net.
3:30 of 2nd period - Joshua Brown is hit by Jack Hughes and loses puck.
3:47 of 2nd period - Cody Glass is hit by Dylan DeMelo and loses puck.
3:58 of 2nd period - Snap shot by Jeff Skinner.
3:58 of 2nd period - Shot Misses the Net.
4:12 of 2nd period - Snap shot by Frank Vatrano.
4:12 of 2nd period - Stopped by Connor Ingram with a rebound.
4:28 of 2nd period - Ivan Barbashev is hit by Brett Murray and loses puck.
4:37 of 2nd period - Chase De Leo is hit by Ivan Barbashev and loses puck.
4:48 of 2nd period - Marcus Johansson is hit by Jonas Brodin and loses puck.
5:15 of 2nd period - Wrist shot by Brock Nelson.
5:15 of 2nd period - Shot Misses the Net.
5:21 of 2nd period - Brock Nelson is hit by Cody Glass and loses puck.
5:32 of 2nd period - Wrist shot by Luke Glendening.
5:32 of 2nd period - Shot Blocked by Dylan DeMelo.
5:34 of 2nd period - Wrist shot by Luke Glendening.
5:34 of 2nd period - Stopped by Logan Thompson with a rebound.
6:43 of 2nd period - Wrist shot by Jack Hughes.
6:43 of 2nd period - Stopped by Connor Ingram with a rebound.
7:21 of 2nd period - Wrist shot by Marcus Johansson.
7:21 of 2nd period - Shot Misses the Net.
7:23 of 2nd period - Slapshot by Vladislav Gavrikov.
7:23 of 2nd period - Stopped by Logan Thompson without a rebound.
7:24 of 2nd period - Evgeni Malkin wins face-off versus Juuso Parssinen in Minnesota North Stars zone.
8:01 of 2nd period - Marcus Johansson is hit by Ryan Nugent-Hopkins.
8:09 of 2nd period - Gustav Forsling is hit by Joel Edmundson and loses puck.
8:32 of 2nd period - Slapshot by Marcus Johansson.
8:32 of 2nd period - Stopped by Logan Thompson with a rebound.
8:45 of 2nd period - Snap shot by Brock Nelson.
8:45 of 2nd period - Shot Blocked by Marcus Johansson.
8:47 of 2nd period - Snap shot by Alexander Kerfoot.
8:47 of 2nd period - Shot Blocked by Juuso Parssinen.
8:49 of 2nd period - Backhand shot by Neal Pionk.
8:49 of 2nd period - Stopped by Connor Ingram without a rebound.
8:50 of 2nd period - Casey Cizikas wins face-off versus William Karlsson in Philadelphia Flyers zone.
9:05 of 2nd period - Snap shot by William Karlsson.
9:05 of 2nd period - Stopped by Connor Ingram with a rebound.
9:07 of 2nd period - Snap shot by Frank Vatrano.
9:07 of 2nd period - Shot Misses the Net.
9:17 of 2nd period - Luke Glendening is hit by Evgeni Malkin and loses puck.
9:40 of 2nd period - Snap shot by Brett Murray.
9:40 of 2nd period - Deflect By Fredrik Olofsson.
9:40 of 2nd period - Shot Hit the Post.
9:40 of 2nd period - Puck is out of play.
9:41 of 2nd period - Evan Rodrigues wins face-off versus Brett Murray in Minnesota North Stars zone.
9:41 of 2nd period - Evan Rodrigues is hit by William Borgen.
9:51 of 2nd period - Snap shot by Ivan Barbashev.
9:51 of 2nd period - Shot Misses the Net.
9:53 of 2nd period - Snap shot by Lawson Crouse.
9:53 of 2nd period - Stopped by Connor Ingram with a rebound.
9:55 of 2nd period - Snap shot by Ivan Barbashev.
9:55 of 2nd period - Shot Blocked by William Borgen.
10:39 of 2nd period - Slapshot by Chase De Leo.
10:39 of 2nd period - Shot Misses the Net.
10:49 of 2nd period - Backhand shot by Brett Murray.
10:49 of 2nd period - Shot Misses the Net.
11:05 of 2nd period - Snap shot by Lawson Crouse.
11:05 of 2nd period - Stopped by Connor Ingram with a rebound.
11:07 of 2nd period - Slapshot by Evan Rodrigues.
11:07 of 2nd period - Shot Misses the Net.
11:38 of 2nd period - Minor Penalty to Brett Murray for Interference.
11:39 of 2nd period - Jonathan Marchessault wins face-off versus Jack McBain in Philadelphia Flyers zone.
12:06 of 2nd period - Trevor van Riemsdyk is hit by Valeri Nichushkin and loses puck.
12:35 of 2nd period - Jack McBain is hit by Ryan Nugent-Hopkins and loses puck.
13:38 of 2nd period - Penalty to Brett Murray is over, Brett Murray is back on ice.
13:54 of 2nd period - Jack McBain is hit by Ryan Nugent-Hopkins and loses puck.
14:05 of 2nd period - Jonas Brodin is hit by Jeff Skinner and loses puck.
14:16 of 2nd period - Brandon Duhaime is hit by Frank Vatrano and loses puck.
16:23 of 2nd period - Joshua Brown is hit by Ivan Barbashev and loses puck.
18:47 of 2nd period - Slapshot by Evgeni Malkin.
18:47 of 2nd period - Shot Misses the Net.
18:49 of 2nd period - Minor Penalty to Brett Murray for High sticking.
18:50 of 2nd period - Jack McBain wins face-off versus Evgeni Malkin in Philadelphia Flyers zone.
18:55 of 2nd period - Slapshot by Valeri Nichushkin.
18:55 of 2nd period - Shot Misses the Net.
18:57 of 2nd period - Slapshot by Neal Pionk.
18:57 of 2nd period - Stopped by Connor Ingram with a rebound.
18:59 of 2nd period - Slapshot by Rasmus Dahlin.
18:59 of 2nd period - Stopped by Connor Ingram without a rebound.
19:00 of 2nd period - Evgeni Malkin wins face-off versus Jack McBain in Philadelphia Flyers zone.
19:13 of 2nd period - Casey Cizikas is hit by Valeri Nichushkin and loses puck.
19:24 of 2nd period - Slapshot by Frank Vatrano.
19:24 of 2nd period - Shot Misses the Net.
19:26 of 2nd period - Snap shot by Rasmus Dahlin.
19:26 of 2nd period - Stopped by Connor Ingram without a rebound.
19:27 of 2nd period - Jack McBain wins face-off versus Ryan Nugent-Hopkins in Philadelphia Flyers zone.
19:54 of 2nd period - Trevor van Riemsdyk is hit by Frank Vatrano.
Goals for this period are 0 for Philadelphia Flyers vs 1 for Minnesota North Stars.
Shots for this period are 4 for Philadelphia Flyers vs 14 for Minnesota North Stars.
3rd period
0:01 of 3rd period - Jack McBain wins face-off versus Ryan Nugent-Hopkins in neutral zone.
0:42 of 3rd period - Minor Penalty to Joshua Brown for Tripping.
0:43 of 3rd period - Casey Cizikas wins face-off versus Ryan Nugent-Hopkins in Philadelphia Flyers zone.
0:43 of 3rd period - Casey Cizikas is hit by Jonathan Marchessault.
0:49 of 3rd period - Penalty to Brett Murray is over, Brett Murray is back on ice.
0:50 of 3rd period - Wrist shot by Ryan Nugent-Hopkins.
0:50 of 3rd period - Shot Misses the Net.
0:52 of 3rd period - Wrist shot by Jack Hughes.
0:52 of 3rd period - Stopped by Connor Ingram with a rebound.
0:54 of 3rd period - Snap shot by Ryan Nugent-Hopkins.
0:54 of 3rd period - Goal by Ryan Nugent-Hopkins - Philadelphia Flyers : 0 - Minnesota North Stars : 3.
0:55 of 3rd period - Radek Faksa wins face-off versus Jonathan Marchessault in neutral zone.
0:58 of 3rd period - Wrist shot by Trevor van Riemsdyk.
0:58 of 3rd period - Shot Blocked by Rasmus Dahlin.
1:47 of 3rd period - Slapshot by Ryan Nugent-Hopkins.
1:47 of 3rd period - Shot Misses the Net.
2:09 of 3rd period - Snap shot by Chase De Leo.
2:09 of 3rd period - Stopped by Logan Thompson with a rebound.
2:11 of 3rd period - Snap shot by Fredrik Olofsson.
2:11 of 3rd period - Goal by Fredrik Olofsson - Philadelphia Flyers : 1 - Minnesota North Stars : 3.
2:12 of 3rd period - Evgeni Malkin wins face-off versus Radek Faksa in neutral zone.
2:23 of 3rd period - Slapshot by Radek Faksa.
2:23 of 3rd period - Shot Misses the Net.
2:25 of 3rd period - Wrist shot by Brandon Duhaime.
2:25 of 3rd period - Stopped by Logan Thompson without a rebound.
2:26 of 3rd period - Casey Cizikas wins face-off versus William Karlsson in Minnesota North Stars zone.
2:47 of 3rd period - Minor Penalty to Frank Vatrano for Roughing.
2:48 of 3rd period - William Karlsson wins face-off versus Jack McBain in Minnesota North Stars zone.
2:59 of 3rd period - Wrist shot by Jeff Skinner.
2:59 of 3rd period - Stopped by Logan Thompson without a rebound.
3:00 of 3rd period - Casey Cizikas wins face-off versus Alexander Kerfoot in Minnesota North Stars zone.
3:05 of 3rd period - Snap shot by Marcus Johansson.
3:05 of 3rd period - Stopped by Logan Thompson with a rebound.
3:07 of 3rd period - Slapshot by Marcus Johansson.
3:07 of 3rd period - Shot Blocked by Jonas Brodin.
3:09 of 3rd period - Wrist shot by Cody Glass.
3:09 of 3rd period - Philadelphia Flyers goal is going for a video replay.
3:09 of 3rd period - The goal is refused. The puck has been directed, batted or thrown into the net by an attacking player other than with a stick..
3:10 of 3rd period - William Karlsson wins face-off versus Casey Cizikas in Minnesota North Stars zone.
3:29 of 3rd period - Slapshot by Marcus Johansson.
3:29 of 3rd period - Stopped by Logan Thompson without a rebound.
3:30 of 3rd period - William Karlsson wins face-off versus Jack McBain in Minnesota North Stars zone.
4:23 of 3rd period - Juuso Parssinen is hit by Gustav Forsling and loses puck.
4:40 of 3rd period - Jonas Brodin is hit by Zac Jones and loses puck.
4:47 of 3rd period - Penalty to Frank Vatrano is over, Frank Vatrano is back on ice.
5:06 of 3rd period - Snap shot by William Karlsson.
5:06 of 3rd period - Deflect By Frank Vatrano.
5:06 of 3rd period - Goal by Frank Vatrano - Philadelphia Flyers : 1 - Minnesota North Stars : 4.
5:07 of 3rd period - Evgeni Malkin wins face-off versus Casey Cizikas in neutral zone.
5:16 of 3rd period - Snap shot by Jack Hughes.
5:16 of 3rd period - Shot Blocked by Vladislav Gavrikov.
5:18 of 3rd period - Slapshot by Rasmus Dahlin.
5:18 of 3rd period - Stopped by Connor Ingram with a rebound.
5:20 of 3rd period - Slapshot by Neal Pionk.
5:20 of 3rd period - Stopped by Connor Ingram with a rebound.
5:22 of 3rd period - Snap shot by Jonathan Marchessault.
5:22 of 3rd period - Shot Misses the Net.
5:24 of 3rd period - Slapshot by Neal Pionk.
5:24 of 3rd period - Deflect By Jeff Skinner.
5:24 of 3rd period - Stopped by Connor Ingram with a rebound.
5:50 of 3rd period - Snap shot by Cody Glass.
5:50 of 3rd period - Stopped by Logan Thompson with a rebound.
5:58 of 3rd period - Slapshot by Cody Glass.
5:58 of 3rd period - Deflect By Frank Vatrano.
5:58 of 3rd period - Shot Blocked by Jonas Brodin.
5:58 of 3rd period - Puck is out of play.
5:59 of 3rd period - Radek Faksa wins face-off versus Evgeni Malkin in Minnesota North Stars zone.
7:54 of 3rd period - Vladislav Gavrikov is hit by Dylan DeMelo and loses puck.
8:20 of 3rd period - Snap shot by Chase De Leo.
8:20 of 3rd period - Stopped by Logan Thompson without a rebound.
8:21 of 3rd period - Evgeni Malkin wins face-off versus Radek Faksa in Minnesota North Stars zone.
8:26 of 3rd period - Snap shot by Evgeni Malkin.
8:26 of 3rd period - Shot Misses the Net.
9:10 of 3rd period - Brock Nelson is hit by Casey Cizikas and loses puck.
9:16 of 3rd period - Off-side.
9:17 of 3rd period - Evgeni Malkin wins face-off versus Radek Faksa in neutral zone.
9:44 of 3rd period - Neal Pionk is hit by Zac Jones.
9:52 of 3rd period - Wrist shot by William Karlsson.
9:52 of 3rd period - Stopped by Connor Ingram with a rebound.
10:16 of 3rd period - Backhand shot by Cody Glass.
10:16 of 3rd period - Shot Misses the Net.
10:28 of 3rd period - Slapshot by Brandon Duhaime.
10:28 of 3rd period - Shot Misses the Net.
10:30 of 3rd period - Snap shot by Brandon Duhaime.
10:30 of 3rd period - Stopped by Logan Thompson without a rebound.
10:31 of 3rd period - Radek Faksa wins face-off versus Brock Nelson in Minnesota North Stars zone.
10:42 of 3rd period - Off-side.
10:43 of 3rd period - Evgeni Malkin wins face-off versus Radek Faksa in neutral zone.
11:05 of 3rd period - Icing by Rasmus Dahlin.
11:06 of 3rd period - Jack McBain wins face-off versus William Karlsson in Minnesota North Stars zone.
11:07 of 3rd period - Slapshot by Marcus Johansson.
11:07 of 3rd period - Shot Blocked by Valeri Nichushkin.
11:17 of 3rd period - Wrist shot by Valeri Nichushkin.
11:17 of 3rd period - Goal by Valeri Nichushkin - Philadelphia Flyers : 1 - Minnesota North Stars : 5.
11:18 of 3rd period - Casey Cizikas wins face-off versus Evgeni Malkin in neutral zone.
11:55 of 3rd period - Slapshot by Fredrik Olofsson.
11:55 of 3rd period - Shot Blocked by Jonas Brodin.
12:05 of 3rd period - Slapshot by Valeri Nichushkin.
12:05 of 3rd period - Deflect By Frank Vatrano.
12:05 of 3rd period - Shot Misses the Net.
12:05 of 3rd period - Puck is out of play.
12:06 of 3rd period - William Karlsson wins face-off versus Radek Faksa in Philadelphia Flyers zone.
12:11 of 3rd period - Wrist shot by William Karlsson.
12:11 of 3rd period - Stopped by Connor Ingram with a rebound.
12:13 of 3rd period - Backhand shot by Valeri Nichushkin.
12:13 of 3rd period - Shot Misses the Net.
12:15 of 3rd period - Backhand shot by Erik Cernak.
12:15 of 3rd period - Shot Misses the Net.
12:19 of 3rd period - Wrist shot by William Karlsson.
12:19 of 3rd period - Stopped by Connor Ingram with a rebound.
13:04 of 3rd period - Snap shot by Evgeni Malkin.
13:04 of 3rd period - Shot Misses the Net.
13:06 of 3rd period - Slapshot by Neal Pionk.
13:06 of 3rd period - Stopped by Connor Ingram with a rebound.
13:41 of 3rd period - Wrist shot by Brett Murray.
13:41 of 3rd period - Stopped by Logan Thompson without a rebound.
13:42 of 3rd period - Chase De Leo wins face-off versus William Karlsson in Minnesota North Stars zone.
13:43 of 3rd period - Slapshot by Vladislav Gavrikov.
13:43 of 3rd period - Shot Blocked by William Karlsson.
13:45 of 3rd period - Slapshot by Trevor van Riemsdyk.
13:45 of 3rd period - Shot Blocked by Frank Vatrano.
13:47 of 3rd period - Slapshot by Trevor van Riemsdyk.
13:47 of 3rd period - Shot Blocked by Dylan DeMelo.
13:57 of 3rd period - Fredrik Olofsson is hit by Dylan DeMelo.
14:09 of 3rd period - Chase De Leo is hit by Dylan DeMelo and loses puck.
14:18 of 3rd period - Slapshot by William Borgen.
14:18 of 3rd period - Deflect By Chase De Leo.
14:18 of 3rd period - Shot Misses the Net.
14:18 of 3rd period - Puck is out of play.
14:19 of 3rd period - Evgeni Malkin wins face-off versus Marcus Johansson in Minnesota North Stars zone.
14:19 of 3rd period - Evgeni Malkin is hit by William Borgen.
14:27 of 3rd period - Wrist shot by Marcus Johansson.
14:27 of 3rd period - Shot Misses the Net.
14:29 of 3rd period - Wrist shot by Marcus Johansson.
14:29 of 3rd period - Shot Misses the Net.
14:31 of 3rd period - Snap shot by Juuso Parssinen.
14:31 of 3rd period - Stopped by Logan Thompson without a rebound.
14:32 of 3rd period - William Karlsson wins face-off versus Casey Cizikas in Minnesota North Stars zone.
15:06 of 3rd period - Off-side.
15:07 of 3rd period - Brock Nelson wins face-off versus Radek Faksa in neutral zone.
15:10 of 3rd period - William Borgen is hit by Ryan Nugent-Hopkins and loses puck.
15:17 of 3rd period - Wrist shot by Alexander Kerfoot.
15:17 of 3rd period - Shot Misses the Net.
15:19 of 3rd period - Snap shot by Ryan Nugent-Hopkins.
15:19 of 3rd period - Stopped by Connor Ingram with a rebound.
17:24 of 3rd period - Snap shot by Jack Hughes.
17:24 of 3rd period - Stopped by Connor Ingram without a rebound.
17:25 of 3rd period - Evgeni Malkin wins face-off versus Jack McBain in Philadelphia Flyers zone.
18:07 of 3rd period - Jack McBain is hit by Rasmus Dahlin and loses puck.
19:33 of 3rd period - Snap shot by Fredrik Olofsson.
19:33 of 3rd period - Shot Misses the Net.
19:44 of 3rd period - Off-side.
19:45 of 3rd period - William Karlsson wins face-off versus Casey Cizikas in neutral zone.
Goals for this period are 1 for Philadelphia Flyers vs 3 for Minnesota North Stars.
Shots for this period are 12 for Philadelphia Flyers vs 13 for Minnesota North Stars.
Back to the Top